Map: Scalo orbitale (Bilanciamento 3.0.5 v1.0)

Players

Jhyrachy

  • Race: Zerg Zerg
  • League: Silver

illusio - Winner!

  • Race: Zerg Zerg
  • League: Platinum

VOD

Have the link to the VOD?

Description

Time

  • Played on: Dec. 3, 2015, 2:47 p.m.
  • Length: 6:20
Show
View Real Time Build Order
Export as new Build Order

Jhyrachy Zerg 

Build Orders: Pool Only 

Get SALT Encoding   

  12  0:04  Drone  
  13  0:23  Spawning Pool  
  12  0:29  Drone  
  12  0:32  Drone  
  14  0:38  Overlord  
  14  1:10  Queen  
  16  1:11  Zergling x6  
  19  1:25  Zergling x2  
  20  1:40  Zergling x2  
  21  2:16  Spine Crawler  
  21  2:22  Zergling x2  
  21  2:23  Zergling x2  
  21  2:24  Overlord  
  21  2:25  Overlord  
  17  3:08  Extractor  
  14  3:14  Zergling x6  
  17  3:23  Zergling x6  
  20  3:27  Spine Crawler  
  19  3:56  Zergling x2  
  19  3:57  Zergling x10  
  25  4:13  Baneling Nest  
  24  5:01  Baneling  
  24  5:02  Baneling x3  
  24  5:07  Zergling x2  
  24  5:08  Zergling x14  
  28  5:46  Baneling x3  
  28  5:47  Baneling x3  
  28  5:51  Zergling x2  
  28  5:52  Zergling x8  
Show
View Real Time Build Order
Export as new Build Order

illusio Zerg - Winner!

Build Orders: Hatch First 

Get SALT Encoding   

  12  0:21  Drone  
  12  0:27  Overlord  
  13  0:33  Drone  
  14  0:47  Drone x2  
  16  0:53  Hatchery  
  16  0:55  Drone  
  16  1:12  Spawning Pool  
  16  1:14  Drone  
  16  1:17  Extractor  
  15  1:19  Drone  
  16  1:26  Drone  
  17  1:37  Drone  
  18  1:49  Overlord  
  18  1:58  Queen  
  20  2:01  Zergling x2  
  20  2:06  Zergling x2  
  20  2:07  Queen  
  24  2:17  Zergling x4  
  26  2:33  Zergling x2  
  26  2:50  Drone x3  
  29  2:56  Metabolic Boost  
  28  3:17  Drone x3  
  28  3:18  Overlord  
  31  3:25  Drone  
  32  3:27  Baneling Nest  
  31  3:41  Drone x2  
  31  3:42  Drone  
  34  3:51  Drone  
  34  3:54  Drone, Overlord  
  36  3:58  Drone  
  36  3:59  Drone x4  
  41  4:06  Queen  
  43  4:11  Extractor, Queen  
  44  4:18  Overlord  
  44  4:28  Drone x2  
  44  4:29  Drone  
  47  4:42  Baneling x2  
  47  4:43  Baneling x3  
  47  4:58  Lair  
  47  5:05  Drone x3  
  47  5:06  Overlord  
  50  5:09  Zergling x4  
  50  5:10  Zergling x12  
  58  5:14  Spine Crawler  
  57  5:43  Extractor, Drone  
  57  5:44  Roach Warren  
  57  5:45  Drone x2  
  57  5:46  Drone, Overlord  
  57  5:47  Evolution Chamber  
  58  5:51  Extractor  
  58  5:52  Hatchery  
Tags
 
Add a new tag
Caveats
  • Supply blocks, unpowered buildings, or Contaminate may cause inaccurate times.
  • Supply counts are checked every 10 seconds.